 Dungeon Crawl Stone Soup version 0.18-a0-965-g9200175 (webtiles) character file.

653 Yawgmoth the Digger (level 7, -2/36 HPs)
             Began as a Gargoyle Earth Elementalist on Jan 1, 2016.
             Slain by an ogre
             ... wielding a +0 giant club
              (14 damage)
             ... on level 4 of the Dungeon.
             The game lasted 00:42:27 (5459 turns).

Yawgmoth the Digger (Gargoyle Earth Elementalist)   Turns: 5459, Time: 00:42:27

Health: -2/36      AC:  9    Str: 11    XL:     7   Next: 54%
Magic:  12/15      EV: 11    Int: 18    God:
Gold:   191        SH:  0    Dex: 10    Spells: 4 memorised, 7 levels left

rFire  . . .     SeeInvis .     b - 57 stones
rCold  . . .     Gourm    .     h - +0 leather armour
rNeg   + + .     Faith    .     (no shield)
rPois  ∞         Spirit   .     (no helmet)
rElec  +         Dismiss  +     E - +0 cloak
rCorr  .         Reflect  .     (no gloves)
SustAt .         Harm     .     B - +0 pair of boots
MR     .....                    m - amulet of dismissal
Stlth  ++........               w - ring of positive energy
                                k - ring of poison resistance

@: not resistant to hostile enchantments, unstealthy
A: negative energy resistance 1, electricity resistance, unbreathing,
petrification resistance, rot immunity, AC +4
a: no special abilities


You were on level 4 of the Dungeon.
You were not hungry.

You visited 1 branch of the dungeon, and saw 4 of its levels.
You also visited: Sewer.

You collected 191 gold pieces.

Inventory:

Hand Weapons
 f - a +0 hand axe
 p - a +0 short sword
 z - a +2 morningstar of protection
 C - a +1 vampiric short sword
 G - a +0 trident of flaming
Missiles
 b - 57 stones (in hand)
 g - 10 tomahawks
Armour
 a - a +0 robe
 h - a +0 leather armour (worn)
 i - a +1 ring mail of poison resistance
 v - a +1 chain mail
 B - a +0 pair of boots (worn)
 E - a +0 cloak (worn)
Jewellery
 k - a ring of poison resistance (left hand)
 m - an amulet of dismissal (around neck)
 w - a ring of positive energy (right hand)
Wands
 e - a wand of flame (21/48)
Scrolls
 j - 6 scrolls of identify
 o - a scroll of immolation
 s - 7 scrolls of teleportation {unknown}
 y - a scroll of remove curse {unknown}
 D - a scroll of enchant armour
 H - 3 scrolls of blinking
Potions
 l - 3 potions of magic {unknown}
 n - a potion of cure mutation {unknown}
 q - a potion of heal wounds {unknown}
 t - a potion of beneficial mutation {unknown}
 u - a potion of agility {unknown}
 x - a potion of ambrosia {unknown}
 A - a potion of resistance {unknown}
 I - 2 potions of brilliance
 J - 3 potions of curing {unknown}
Books
 c - a book of Geomancy

   Spells                             Type                      Level
   a - Sandblast                      Earth                        1
   b - Stoneskin                      Transmutation/Earth          2
   c - Passwall                       Transmutation/Earth          3
   d - Stone Arrow                    Conjuration/Earth            3
   e - Petrify                        Transmutation/Earth          4
   f - Lee's Rapid Deconstruction     Earth                        5
Comestibles
 d - 2 bread rations
 r - a meat ration


   Skills:
 - Level 1.5 Dodging
 - Level 2.2 Stealth
 + Level 5.4 Spellcasting
 - Level 0.7 Transmutations
 + Level 7.6 Earth Magic


You had 7 spell levels left.
You knew the following spells:

 Your Spells              Type           Power        Failure   Level  Hunger
a - Sandblast             Erth           ####..       1%          1    None
b - Passwall              Trmt/Erth      ###.......   10%         3    ##.....
c - Stoneskin             Trmt/Erth      ###.....     4%          2    #......
d - Stone Arrow           Conj/Erth      ###...       12%         3    ##.....


Dungeon Overview and Level Annotations

Branches:
Dungeon (4/15)
 Temple: D:4-7

Altars:
Elyvilon
Qazlal
Zin

Annotations:
D:3 1 runed door


Innate Abilities, Weirdness & Mutations

You are resistant to torment.
Your stone body is resilient (AC +4).
You are immune to poison.
You resist negative energy.
You are resistant to electric shocks.
You can survive without breathing.
You are immune to petrification.
You are immune to rotting.


Message History

Aim: an ogre, wielding a giant club (hasn't noticed you)
The rocky blast hits the ogre.
The ogre is moderately wounded.
The ogre shouts!
Casting: Sandblast
Confirm with . or Enter, or press ? or * to list all spells.
Aiming: Sandblast
Press: ? - help, Shift-Dir - straight line, f/p - ogre
Aim: an ogre, wielding a giant club (moderately wounded)
The rocky blast hits the ogre.
The ogre is severely wounded.
The ogre hits you with a giant club!!
Ouch! That really hurt!
Casting: Sandblast
Confirm with . or Enter, or press ? or * to list all spells.
Aiming: Sandblast
Press: ? - help, Shift-Dir - straight line, f/p - ogre
Aim: an ogre, wielding a giant club (severely wounded)
The rocky blast misses the ogre.
The ogre hits you with a giant club!
You die...

.#
#.######..###.........#
.# #.# #..###.........#
.#
#.######...........####
.#
#............###...###
.##########.######.###.#
#...#.##
.................#.# #.#
##)#...#
###########.####.#.###.#
#...... #.#
#.O#)##.####.#...# #.#
#@###........##).. #.#
#..#.##.#######.## #.#
#.#.# #.# #.# #.# #...#
#.# #.# #.# ### # #.#
#.. #.# #.## ..# #.# ###
#.# #.#


You could see an ogre.

Vanquished Creatures
  Eustachio (D:4)
  A giant frog skeleton (D:4)
  3 orc priests
  Ijyb (D:3)
  Terence (D:3)
  An orc wizard (D:3)
  3 worker ants (D:4)
  8 adders
  3 river rats (Sewer)
  2 oozes
  An adder zombie (D:1)
  An adder skeleton (D:4)
  2 worms
  2 giant geckos
  9 orcs
  8 giant cockroaches
  3 hobgoblins
  6 jackals
  5 kobolds
  2 quokkas (D:3)
  6 ball pythons
  7 bats
  A giant gecko zombie (D:1)
  8 giant newts
  11 goblins
  18 rats
114 creatures vanquished.

Vanquished Creatures (others)
  An orc wizard (D:3)
1 creature vanquished.

Grand Total: 115 creatures vanquished

Notes
Turn   | Place    | Note
--------------------------------------------------------------
     0 | D:1      | Yawgmoth the Gargoyle Earth Elementalist began the quest for the Orb.
     0 | D:1      | Reached XP level 1. HP: 10/10 MP: 3/3
    18 | D:1      | Reached skill level 4 in Earth Magic
   158 | D:1      | Reached XP level 2. HP: 13/15 MP: 5/5
   761 | D:1      | Reached XP level 3. HP: 16/19 MP: 6/6
  1522 | D:2      | Reached XP level 4. HP: 24/24 MP: 5/8
  1693 | D:2      | Reached skill level 5 in Earth Magic
  1783 | D:2      | Found a stormy altar of Qazlal.
  1832 | D:2      | Found a white marble altar of Elyvilon.
  2566 | D:3      | Found a glowing silver altar of Zin.
  2566 | D:3      | Found a runed door.
  2566 | D:3      | Noticed an angel
  2646 | D:3      | Found a faded altar to an unknown god.
  2698 | D:3      | Reached XP level 5. HP: 28/28 MP: 5/10
  2791 | D:3      | Noticed Ijyb
  2801 | D:3      | Killed Ijyb
  3116 | D:3      | Reached skill level 6 in Earth Magic
  3554 | D:3      | Reached XP level 6. HP: 12/32 MP: 12/12
  3763 | D:3      | Learned a level 3 spell: Passwall
  3766 | D:3      | Learned a level 2 spell: Stoneskin
  3770 | D:3      | Learned a level 3 spell: Stone Arrow
  3826 | D:3      | Noticed Terence
  3839 | D:3      | Killed Terence
  4139 | D:4      | Upgraded the game from 0.18-a0-960-g77c8fc5 to 0.18-a0-965-g9200175
  4429 | D:4      | Found a glowing drain.
  4433 | Sewer    | Entered a sewer
  4588 | Sewer    | Reached skill level 7 in Earth Magic
  4588 | Sewer    | Reached XP level 7. HP: 21/36 MP: 4/14
  5042 | D:4      | Noticed Eustachio
  5047 | D:4      | Killed Eustachio
  5047 | D:4      | Reached skill level 5 in Spellcasting
  5459 | D:4      | Slain by an ogre

Vault maps used:
D:1:      saegor_arrival_fortress, feat_on_display
D:2:      lemuel_round_altar, grunt_qazlal_sundering
D:3:      ecumenical_altar_2, lemuel_angel_altar, uniq_iyjb, uniq_terence
D:4:      first_bread, gup_sewer_entry_spiral, uniq_eustachio
Sewer:    sewer_co_cracked_pipes

Action                   |  1- 3 |  4- 6 |  7- 9 || total
-------------------------+-------+-------+-------++-------
Melee: Hand axe          |   104 |    27 |       ||   131
       Short sword       |       |    52 |       ||    52
       Trident           |       |    37 |    59 ||    96
       Morningstar       |       |    16 |       ||    16
Throw: Stone             |       |     3 |     3 ||     6
 Cast: Sandblast         |    17 |    86 |    10 ||   113
       Stoneskin         |       |     4 |       ||     4
       Stone Arrow       |       |     2 |       ||     2
  Use: Scroll            |       |     5 |       ||     5
       Potion            |       |     1 |       ||     1
 Stab: Sleeping          |     1 |     2 |     2 ||     5
  Eat: Chunk             |     2 |     6 |     4 ||    12
       Fruit             |       |     2 |       ||     2
       Bread ration      |       |     1 |       ||     1
       Royal jelly       |       |     1 |       ||     1
